Cogmind - Beta 13 @@@ ROGUE MODE // 2024.04.04 @ 04:17:59 Player: Redman9012 Result: Destroyed by S-10 Pest with Light Assault Rifle Performance ------------- Evolutions (0) 0 Regions Visited (4) 800 Robots Destroyed (27) 135 Value Destroyed (523) 523 Prototype IDs (0) 0 Alien Tech Used (0) 0 Bonus (300) 300 TOTAL SCORE: 1758 Bonus ------- Aligned with FarCom 300 Cogmind --------- Core Integrity 0/250 Matter 251/300 Energy 265/265 System Corruption 0% Temperature Cool (0) Movement Treading (240) Ox1 Location -9/Mines Parts ------- > --- POWER (1) -------- Improved Ion Engine > --- PROPULSION (2) --- Light Treads Light Treads > --- UTILITY (2) ------ High-capacity Storage Unit Signal Interpreter > --- WEAPON (2) ------- Heavy Assault Rifle Light Cannon > --- INVENTORY (20) --- Structural Scanner Machine Analyzer Visual Processing Unit Sensor Array Signal Interpreter Transport Network Coupler Power Shielding Utility Shielding Light Armor Plating Hacking Suite Army-in-a-Box EM Pulse Gun Assault Rifle Light Cannon Light Cannon Peak State ------------ > --- POWER ------------ Improved Ion Engine > --- PROPULSION ------- Light Treads Light Treads > --- UTILITY ---------- High-capacity Storage Unit Signal Interpreter > --- WEAPON ----------- Heavy Assault Rifle Light Cannon > --- INVENTORY -------- Structural Scanner Machine Analyzer Visual Processing Unit Sensor Array Signal Interpreter Transport Network Coupler Power Shielding Utility Shielding Light Armor Plating Hacking Suite Army-in-a-Box EM Pulse Gun Assault Rifle Light Cannon Light Cannon [Rating: 16] Favorites ----------- Power Ion Engine Engine Ion Engine Propulsion Light Treads Treads Light Treads Utility High-capacity Storage Unit Storage High-capacity Storage Unit Processor Signal Interpreter Weapon Assault Rifle Energy Gun Medium Laser Ballistic Gun Assault Rifle Ballistic Cannon Light Cannon Build | -11 -10 -10 -10 -9 ------- Run | Yrd Mat Min Exi Min Slots Evolved . | . . . . . Power . | . . . . . Propulsion . | . . . . . Utility . | . . . . . Weapon . | . . . . . Parts Attached 18 | 7 7 4 . . Power 4 | 1 2 1 . . Engine 4 | 1 2 1 . . Core . | . . . . . Reactor . | . . . . . Propulsion 4 | 2 1 1 . . Treads 4 | 2 1 1 . . Leg . | . . . . . Wheel . | . . . . . Hover . | . . . . . Flight . | . . . . . Utility 3 | 1 2 . . . Device . | . . . . . Storage 2 | 1 1 . . . Processor 1 | . 1 . . . Hackware . | . . . . . Protection . | . . . . . Artifact . | . . . . . Weapon 7 | 3 2 2 . . Energy Gun 1 | 1 . . . . Energy Cannon . | . . . . . Ballistic Gun 5 | 2 2 1 . . Ballistic Cannon 1 | . . 1 . . Launcher . | . . . . . Special Weapon . | . . . . . Impact Weapon . | . . . . . Slashing Weapon . | . . . . . Piercing Weapon . | . . . . . Special Melee Weapon . | . . . . . Unidentified Prototypes . | . . . . . Parts Lost 5 | . 5 . . . Power 1 | . 1 . . . Propulsion 2 | . 2 . . . Utility . | . . . . . Weapon 2 | . 2 . . . Highest Loss Streak 2 | . 2 . . . To Critical Strikes . | . . . . . Average Slot Usage (%) 93 | . 86 94 100 100 Engine 13 | . 13 14 14 14 Treads 23 | . 18 22 28 28 Storage 14 | . 14 14 14 14 Processor 13 | . 12 14 14 14 Ballistic Gun 20 | . 27 20 14 14 Ballistic Cannon 7 | . . 7 14 14 Naked Turns . | . . . . . Heaviest Build 53 | 14 48 53 53 53 Greatest Support 40 | 40 40 40 40 40 Greatest Overweight (x) 15 | 4 15 2 1 1 Average Overweight (x) 1 | . 1 1 1 1 Largest Inventory Capacity 20 | 8 20 20 20 20 Average Capacity 19 | 7 19 20 20 20 Most Carried 20 | 6 20 20 20 20 Average Carried 17 | 1 16 19 19 20 Final Capacity 20 | 8 20 20 20 20 Final Carried 20 | 2 20 20 20 20 Class Distribution -------------------- 50% | Mutant 49% | Scavenger-Mutant Dominant Class ---------------- Mutant | -10/Materials Scavenger-Mutant | -10/Mines Scavenger-Mutant | -10/Exiles Scavenger-Mutant | -9/Mines Resources | -11 -10 -10 -10 -9 ----------- Run | Yrd Mat Min Exi Min Matter Collected 752 | 322 380 41 . 9 Remotely . | . . . . . Salvage Created 992 | 94 730 . . 168 Parts 57 | 2 52 . . 3 Haulers Intercepted 2 | . 2 . . . Recyclers Shooed 2 | . 2 . . . Parts Field Recycled . | . . . . . Retrieved Matter . | . . . . . Parts Self-Destructed . | . . . . . Prevented . | . . . . . Kills | -11 -10 -10 -10 -9 ------- Run | Yrd Mat Min Exi Min Combat Hostiles Destroyed 17 | . 16 . . 1 Guns 17 | . 16 . . 1 Classes Destroyed 8 | 2 6 . . . Tunneler 1 | 1 . . . . Hauler 2 | . 2 . . . Recycler 2 | 1 . . . 1 Mechanic 1 | . 1 . . . Operator 1 | . 1 . . . Watcher 3 | . 3 . . . Swarmer 7 | . 6 . . 1 Grunt 10 | . 10 . . . Best Kill Streak 4 | 2 4 . . 2 Combat Bots Only 3 | . 3 . . 1 Max Kills in Single Turn 1 | 1 1 . . 1 Gunslinging . | . . . . . Exploded . | . . . . . Melee . | . . . . . Uniques/NPCs Destroyed . | . . . . . Combat | -11 -10 -10 -10 -9 -------- Run | Yrd Mat Min Exi Min Hostile Shots Fired 147 | . 129 2 . 16 Missed 38 | . 35 1 . 2 Damage Taken 1107 | . 974 15 . 118 Core 251 | . 224 . . 27 Absorbed by Shields . | . . . . . Core Remaining (%) 100 | 100 . . . . Volleys Fired 116 | 13 93 . . 10 Largest 2 | 2 2 . . 2 Hottest 58 | 40 40 . . 58 Shots Fired 208 | 26 165 . . 17 Gun 201 | 26 165 . . 10 Cannon 7 | . . . . 7 Launcher . | . . . . . Special . | . . . . . Kinetic 208 | 26 165 . . 17 Thermal . | . . . . . Explosive . | . . . . . Electromagnetic . | . . . . . Robot Hit Streak 9 | 5 9 . . 3 Robot Miss Streak 11 | 2 4 . . 11 Penetration Max . | . . . . . Secondary Targets 4 | . 4 . . . Max Gunslinging Chain 1 | . 1 . . . Shots Hit Robots 116 | 15 96 . . 5 Core Hits 52 | 5 44 . . 3 Critical Kills 1 | . 1 . . . Critical Parts Destroyed . | . . . . . Critical Strikes 1 | . 1 . . . Destroy 1 | . 1 . . . Melee Attacks . | . . . . . Impact . | . . . . . Slashing . | . . . . . Piercing . | . . . . . Sneak Attacks . | . . . . . Combat Hostiles . | . . . . . Follow-up Attacks . | . . . . . Damage Inflicted 1327 | 177 1047 . . 103 Guns 1292 | 177 1047 . . 68 Cannons 35 | . . . . 35 Explosions . | . . . . . Melee . | . . . . . Ramming . | . . . . . Kinetic 1327 | 177 1047 . . 103 Thermal . | . . . . . Explosive . | . . . . . Electromagnetic . | . . . . . Impact . | . . . . . Slashing . | . . . . . Piercing . | . . . . . Highest Corruption . | . . . . . Average Corruption . | . . . . . Corruption Purged . | . . . . . Corruption Blocked . | . . . . . Overload Shots . | . . . . . Overflow Damage . | . . . . . Projectiles . | . . . . . Explosions . | . . . . . Melee . | . . . . . Knockbacks 1 | . . . . 1 Impact . | . . . . . Kinetic 1 | . . . . 1 Secondary . | . . . . . Self-Inflicted Damage . | . . . . . Shots . | . . . . . Rammed . | . . . . . Targets Rammed . | . . . . . Kicked . | . . . . . Crushed . | . . . . . Highest Temperature 15 | . 15 . . . Average Temperature 6 | . 6 . . . Received Heat Transfer 408 | . 408 . . . Siege Activations . | . . . . . Robots Corrupted . | . . . . . Combat Hostiles . | . . . . . Parts Fried . | . . . . . Impact Corruptions . | . . . . . Robots Melted . | . . . . . Combat Hostiles . | . . . . . Parts Melted . | . . . . . Heat Transferred . | . . . . . Parts Sabotaged . | . . . . . Parts Stolen . | . . . . . Parts Stripped . | . . . . . Power Chain Reactions . | . . . . . Alert | -11 -10 -10 -10 -9 ------- Run | Yrd Mat Min Exi Min Peak Influence 188 | 10 188 1 . 55 Initial 6 | . 6 1 . . Average 40 | 2 48 1 . 6 Maximum Alert Level . | . . . . . Low Security (%) 100 | 100 100 100 . 100 Level 1 . | . . . . . Level 2 . | . . . . . Level 3 . | . . . . . Level 4 . | . . . . . Level 5 . | . . . . . High Security . | . . . . . Max Security . | . . . . . Squads Dispatched 4 | . 4 . . . Investigation 1 | . 1 . . . Extermination . | . . . . . Reinforcement 3 | . 3 . . . Assault . | . . . . . Garrison . | . . . . . Intercept . | . . . . . Searches Triggered . | . . . . . Construction Impeded . | . . . . . Haulers Reinforced . | . . . . . Active Scanning Responses . | . . . . . Cargo Convoy Interrupts . | . . . . . Stealth | -11 -10 -10 -10 -9 --------- Run | Yrd Mat Min Exi Min Distress Signals 1 | . 1 . . . Communications Jammed . | . . . . . Distress Signals . | . . . . . Times Spotted 41 | . 36 1 . 4 Peak Tracking Total 3 | . 3 2 . 3 Tactical Retreats 1 | . . . . 1 Traps | -11 -10 -10 -10 -9 ------- Run | Yrd Mat Min Exi Min Traps Triggered 1 | . 1 . . . Indirectly . | . . . . . Trap Hack Attempts . | . . . . . Triggered . | . . . . . Disarmed . | . . . . . Reprogrammed . | . . . . . Reused . | . . . . . Traps Extracted . | . . . . . Installed . | . . . . . Triggered . | . . . . . Machines | -11 -10 -10 -10 -9 ---------- Run | Yrd Mat Min Exi Min Machines Disabled . | . . . . . Max in Single Turn . | . . . . . Machines Repaired . | . . . . . Machines Dismantled . | . . . . . Machines Sabotaged . | . . . . . Overloaded Fab Kills . | . . . . . Hacking | -11 -10 -10 -10 -9 --------- Run | Yrd Mat Min Exi Min Machines Accessed 11 | . 7 . 4 . Terminals 5 | . 5 . . . Fabricators . | . . . . . Repair Stations . | . . . . . Recycling Units 2 | . 2 . . . Scanalyzers . | . . . . . Garrison Access . | . . . . . Total Hacks 74 | . 25 . 49 . Successful 63 | . 14 . 49 . Failed 11 | . 11 . . . Catastrophic . | . . . . . Database Lockouts . | . . . . . Manual 1 | . . . 1 . Terminals 20 | . 20 . . . Fabricators . | . . . . . Repair Stations . | . . . . . Recycling Units 5 | . 5 . . . Scanalyzers . | . . . . . Garrison Access . | . . . . . Terminal Hacks 60 | . 11 . 49 . Record 56 | . 7 . 49 . Alert Level 3 | . 3 . . . Dispatch Records 1 | . 1 . . . Fabricator Hacks . | . . . . . Repair Station Hacks . | . . . . . Recycling Unit Hacks 3 | . 3 . . . Report Inventory 3 | . 3 . . . Scanalyzer . | . . . . . Garrison Access Hacks . | . . . . . Unauthorized Hacks . | . . . . . Terminals . | . . . . . Fabricators . | . . . . . Repair Stations . | . . . . . Recycling Units . | . . . . . Scanalyzers . | . . . . . Garrison Access . | . . . . . Data Cores Recovered . | . . . . . Used . | . . . . . Hacking Detections 4 | . 4 . . . Full Trace Events 3 | . 3 . . . Feedback Events . | . . . . . Feedback Blocked . | . . . . . Robot Schematics Acquired . | . . . . . Robots Built . | . . . . . Authchips . | . . . . . Time . | . . . . . Total Robot Build Rating . | . . . . . Part Schematics Acquired . | . . . . . Parts Built . | . . . . . Authchips . | . . . . . Time . | . . . . . Total Part Build Rating . | . . . . . Parts Repaired . | . . . . . Time . | . . . . . Parts Recycled . | . . . . . Recycled Matter . | . . . . . Retrieved Matter . | . . . . . Retrieved Components . | . . . . . Parts Scanalyzed . | . . . . . Part Schematics Acquired . | . . . . . Parts Damaged . | . . . . . Bothacking | -11 -10 -10 -10 -9 ------------ Run | Yrd Mat Min Exi Min Used RIF Installer . | . . . . . Robots Hacked . | . . . . . Non-combat . | . . . . . Combat . | . . . . . Robot Hacks Applied . | . . . . . Relay Couplers Released . | . . . . . Fabnet Peak Effective % . | . . . . . Robots Rewired . | . . . . . Allies Hacked . | . . . . . Hacks Repelled . | . . . . . Allies | -11 -10 -10 -10 -9 -------- Run | Yrd Mat Min Exi Min Total Allies . | . . . . . Largest Group . | . . . . . Highest-Rated Group . | . . . . . Highest-Rated Ally . | . . . . . Total Orders . | . . . . . Ally Attacks . | . . . . . Total Damage . | . . . . . Kills . | . . . . . Allies Corrupted . | . . . . . Allies Melted . | . . . . . Intel | -11 -10 -10 -10 -9 ------- Run | Yrd Mat Min Exi Min Robot Analysis Total . | . . . . . Derelict Logs Recovered . | . . . . . Drone Launches . | . . . . . Drone Recoveries . | . . . . . Exploration | -11 -10 -10 -10 -9 ------------- Run | Yrd Mat Min Exi Min Turns Passed 6299 | 151 2929 232 2742 245 Spaces Moved 2272 | 67 897 80 1139 89 Core 24 | 22 2 . . . Treads 2248 | 45 895 80 1139 89 Legs . | . . . . . Wheels . | . . . . . Hover . | . . . . . Flight . | . . . . . Fastest Speed 50 | 50 160 240 240 240 Average Speed 258 | 143 292 268 240 240 Slowest Speed 800 | 250 800 320 240 240 Overloaded Moves . | . . . . . Propulsion Burnouts . | . . . . . Robots Hopped . | . . . . . Cave-ins Triggered . | . . . . . Exploration Rate (%) 46 | 5 99 16 93 17 Regions Visited 4 Branch Regions 3 Pre-discovered Areas 1 | . . . 1 . Known Exits Taken 3 | . 1 1 1 . Unknown Exits Taken 1 | 1 . . . . Scrap Searched 1 | . . . . 1 Spaces Dug . | . . . . . Terrain Destroyed . | . . . . . Melee . | . . . . . Projectile . | . . . . . AOE . | . . . . . Terrain Rammed . | . . . . . Walls Destroyed . | . . . . . Machines Disabled . | . . . . . Actions | -11 -10 -10 -10 -9 --------- Run | Yrd Mat Min Exi Min Total 2517 | 100 1062 100 1151 104 Wait 34 | . 17 6 6 5 Move 2268 | 66 896 79 1138 89 Hop . | . . . . . Pick Up 54 | 11 36 6 1 . Fast Attach . | . . . . . Attach 14 | 6 6 2 . . Detach . | . . . . . Swap 4 | 1 1 2 . . Drop 27 | 3 13 5 6 . Fire 116 | 13 93 . . 10 Melee . | . . . . . Ram . | . . . . . Kick . | . . . . . Crush . | . . . . . Escape Stasis . | . . . . . Rewire . | . . . . . Trap . | . . . . . Miscellaneous . | . . . . . Route ------- -11/Scrapyard -10/Materials (discovered 6 exits: *Mat x3 / *Min x2 / *Sub) -10/Mines -10/Exiles (discovered 2 exits: *Min x2) -9/Mines History --------- Turn | Location | Event 8 | -11/Scrapyard | Discovered new exit (range 15) 152 | -11/Scrapyard | Entered Materials 318 | -10/Materials | Build established: Mutant 800 | -10/Materials | Discovered new exit (range 15) 868 | -10/Materials | Identified exit to Materials 1016 | -10/Materials | Discovered new exit (range 13) 1031 | -10/Materials | Core integrity fell below 50% 1194 | -10/Materials | Core integrity fell below 20% 1444 | -10/Materials | Discovered exit to Materials (range 5) 1696 | -10/Materials | Discovered new exit (range 8) 1745 | -10/Materials | Identified exit to Mines 1945 | -10/Materials | Discovered exit to Materials (range 13) 2183 | -10/Materials | Discovered new exit (range 13) 2218 | -10/Materials | Identified exit to Subcaves 3081 | -10/Materials | Entered Mines 3112 | -10/Mines | Met a Derelict bent on vengeance 3145 | -10/Mines | Joined a pair of Derelicts in attacking an 0b10 outpost 3301 | -10/Mines | Deemed a non-threat by the Exiles lab entrance 3303 | -10/Mines | Discovered new exit (range 5) 3311 | -10/Mines | Identified exit to Exiles 3313 | -10/Mines | Entered Exiles 3347 | -10/Exiles | Discovered new exit (range 15) 3378 | -10/Exiles | Met 8R-AWN 3419 | -10/Exiles | Met EX-HEX 3468 | -10/Exiles | Build established: Scavenger-Mutant 3522 | -10/Exiles | Met EX-DEC 3694 | -10/Exiles | Visited The Gauntlet 4103 | -10/Exiles | Met EX-BIN 4199 | -10/Exiles | Aligned with FarCom system 4201 | -10/Exiles | Given EX-Vault access code 4362 | -10/Exiles | Learned location of Zion (-6) 4878 | -10/Exiles | Discovered new exit (range 12) 4900 | -10/Exiles | Identified exit to Mines 5477 | -10/Exiles | Opened EX-Vault 5490 | -10/Exiles | Found Prototype Device 5543 | -10/Exiles | Warned to stay clear of 0b10 Research branches 6055 | -10/Exiles | Left Exiles lab with Army-in-a-Box 6055 | -10/Exiles | Entered Mines 6300 | -9/Mines | Destroyed by S-10 Pest with Light Assault Rifle Last Messages --------------- LOCATION=MINES GOAL=ESCAPE 06055_ Receiving FarCom transmissions... 06056_ T-07 Excavator is excavating. 06067_ Destroyed Lgt. Ion Engine. 06071_ A-02 Transporter destroyed. 06076_ Acquired 9 matter. 06114_ Searching scrap... 06114_ Found 17 Matter. 06114_ Found Sml. Matter Pod. 06114_ Found 29 Matter. 06129_ T-07 Excavator is excavating. 06202_ K-01 Serf collects debris. 06292_ S-10 Pest destroyed. 06293_ R-06 Scavenger collects Lgt. Assault Rifle. 06295_ K-01 Serf collects debris. 06295_ S-10 Pest knocked back. 06298_ K-01 Serf collects debris. 06298_ R-06 Scavenger destroyed. 06299_ K-01 Serf collects debris. Map ----- +----------------------------------------------------+ | ?????????????????????????????????????????????????? | | ????????????????????????????????????######???????? | | ????????????????????????????????????# ##??????? | | ????????????????????????????????????# #??????? | | ????????????????????????????????????# #?####??? | | ????????????????????????????????????# ###! ##?? | | ????????????????????????????????????# ## %#?? | | ????????????????????????????????????## ### ### | | ????????????????????????????????????# = | | ????????????????????????????????????# = ####### | | ????????????????????????????????????# ###?????? | | ?????????????????????????????####???## #???????? | | ??????????????????? ####### ###??## #???????? | | ?????????????????? ##### #???????? | | ??????????????????? k #???????? | | ??????????????????????????#### #???????? | | ?????????????????????????????# #######???????? | | ????????????????????????????## ##????????????? | | ??????????????????????????### t t##???????????? | | ?????????????????????????## #???????????? | | ?????????????????????????# #???????????? | | ?????????????????????????# #???????????? | | ?????????????????????????# # #???????????? | | ????????????????????????## # # #???????????? | | ?????????????????######## ## # #???????????? | | ?????????? s%[ @ ### # ???????????? | | ?????????????????## !s= k ##?# # ??????????? | | ??????????????????## #######??# ######?????????? | | ???????????????????##??????????# #??????????????? | | ???????????????????????????????# #??????????????? | | ???????????????????????????????? ??????????????? | | ????????????????????????????????###??????????????? | | ?????????????????????????????????????????????????? | | ?????????????????????????????????????????????????? | | ?????????????????????????????????????????????????? | | ?????????????????????????????????????????????????? | | ?????????????????????????????????????????????????? | | ?????????????????????????????????????????????????? | | ?????????????????????????????????????????????????? | | ?????????????????????????????????????????????????? | | ?????????????????????????????????????????????????? | | ?????????????????????????????????????????????????? | | ?????????????????????????????????????????????????? | | ?????????????????????????????????????????????????? | | ?????????????????????????????????????????????????? | | ?????????????????????????????????????????????????? | | ?????????????????????????????????????????????????? | | ?????????????????????????????????????????????????? | | ?????????????????????????????????????????????????? | | ?????????????????????????????????????????????????? | +----------------------------------------------------+ Best States ------------- Heat Dissipation 25 Energy Generation 12 Energy Capacity 265 Matter Stores 300 Matter Capacity 300 Sight Range 16 Terrain Scan Density 10 Evasion (%) 50 Recoil Reduction 2 Item Schematics ----------------- None Robot Schematics ------------------ None Fabricated ------------ Nothing Alien Tech Used ----------------- None Achievements -------------- Librarian Challenges ------------ None Game ------ Seed GodCobblerTerrabomb Manual? 0 Play Time 00:44:59 Cumulative 4.0 hours Start 2024.04.04 @ 03:27:49 End 2024.04.04 @ 04:17:59 Sessions 1 Manual Loads 0 Difficulty Rogue Special Mode None Game No. 6 Rogue 6 Adventurer 0 Explorer 0 Win Type - Total 0 Types 0/0/0/0/0/0/0/0/0 Lore% 13 Gallery% 7 Achievement% 6 Wizard Run 0 Options --------- Layout 0 ASCII 0 Keyboard 0 Movement Numpad Keybinds 0 Fullscreen 1 Font 18/SmallcapsGlow Map View 76x50 Zoom Use 0% Tactical HUD 1 Map Filters NONE Filters NONE Steam 1 RUN: 4b5c0550-65ca-4745-81a0-32f762daf53b